 Dungeon Crawl Stone Soup version 0.16-a0-1132-gad589c6 (webtiles) character file.

88 Archteshnor the Slasher (level 4, -5/33 HPs)
             Began as a Human Gladiator on Oct 7, 2014.
             Slain by a gnoll
             ... wielding a +2 spear of pain
              (6 damage)
             ... on level 2 of the Dungeon.
             The game lasted 00:06:46 (1784 turns).

Archteshnor the Slasher (Human Gladiator)           Turns: 1784, Time: 00:06:46

Health: -5/33      AC:  5    Str: 15    XL:     4   Next: 81%
Magic:  4/4        EV: 12    Int:  8    God:
Gold:   57         SH:  0    Dex: 15    Spells: 0 memorised, 3 levels left

rFire  . . .     SeeInvis .     a - +0 long sword
rCold  . . .     Clarity  .     b - +0 leather armour
rNeg   . . .     SustAb   .     (no shield)
rPois  .         Gourm    .     c - +0 helmet
rElec  .         Spirit   .     (no cloak)
rCorr  .         Warding  .     (no gloves)
rMut   .         Stasis   .     g - +0 pair of boots
MR     .....                    (no amulet)
Stlth  +.........               (no ring)
                                (no ring)

@: not resistant to hostile enchantments, very unstealthy
A: no striking features
a: no special abilities


You were on level 2 of the Dungeon.
You were not hungry.

You visited 1 branch of the dungeon, and saw 3 of its levels.

You collected 57 gold pieces.

Inventory:

Hand weapons
 a - a +0 long sword (weapon)
Missiles
 d - 3 throwing nets (quivered)
 l - 32 stones
 q - 5 javelins
Armour
 b - a +0 leather armour (worn)
 c - a +0 helmet (worn)
 g - a +0 pair of boots (worn)
Comestibles
 f - 2 bread rations
 p - a meat ration
Scrolls
 e - 4 scrolls of identify {unknown}
 j - a scroll of noise {unknown}
 k - 2 scrolls of recharging {unknown}
 n - 3 scrolls of enchant weapon {unknown}
 r - a scroll of amnesia {unknown}
Jewellery
 i - a +2 ring of strength {unknown}
 m - an uncursed amulet of resist corrosion {unknown}
Potions
 h - a potion of might {unknown}
 o - a potion of mutation {unknown}


   Skills:
 - Level 2.0 Fighting
 + Level 5.1 Long Blades
 - Level 2.0 Throwing
 - Level 3.0 Dodging


You had 3 spell levels left.
You didn't know any spells.

Dungeon Overview and Level Annotations

Branches:
Dungeon (3/15)

Altars:
The Shining One

Annotations:
D:2 Sigmund


Message History

The gnoll hits you with a spear of pain.
* * * LOW HITPOINT WARNING * * *
You closely miss the gnoll.
The gnoll is severely wounded.
The rat barely misses you. The gnoll closely misses you.
You hit the gnoll.
The gnoll is almost dead.
The rat closely misses you.
The gnoll hits you with a spear of pain.
* * * LOW HITPOINT WARNING * * *
You writhe in agony.
* * * LOW HITPOINT WARNING * * *
The rat barely misses you.
You hit the gnoll but do no damage.
The gnoll is almost dead.
The gnoll hits you but does no damage. The rat barely misses you.
You barely miss the gnoll.
The gnoll is almost dead.
The gnoll hits you with a spear of pain.
You die...

##.##..#...................
#.##.##...................
#.##.##...................
#####.##.##.........##........
#.....................)##.###.
#...>....###............#.###.
#.....####.)..............##..
#####.# #.##)........###.##.#
#.# #.##@g.......# #.....
##.####.##.r...)...# #.....
#...)...##.........# ##...#
#...)...####.....######.###
#.......# #####........###
#.......# #.######...#
#.......# ####.# #...#
#.......# #....# #...#
#.......# #....# #....


You could see a gnoll and a rat.

Vanquished Creatures
  3 adders (D:2)
  2 gnolls (D:2)
  4 bats
  2 giant cockroaches
  3 hobgoblins
  5 jackals (D:1)
  A quokka (D:2)
  3 ball pythons
  3 giant newts
  5 goblins
  5 kobolds
  5 rats (D:1)
41 creatures vanquished.

Notes
Turn   | Place    | Note
--------------------------------------------------------------
     0 | D:1      | Archteshnor, the Human Gladiator, began the quest for the Orb.
     0 | D:1      | Reached XP level 1. HP: 16/16 MP: 1/1
   381 | D:1      | Reached XP level 2. HP: 19/22 MP: 2/2
   745 | D:1      | Reached skill level 4 in Long Blades
   745 | D:1      | Reached XP level 3. HP: 25/27 MP: 3/3
  1141 | D:2      | Noticed Sigmund
  1152 | D:2      | Reached XP level 4. HP: 26/33 MP: 4/4
  1485 | D:2      | Found a glowing golden altar of the Shining One.
  1501 | D:2      | Reached skill level 5 in Long Blades
  1782 | D:2      | HP: 1/33 [gnoll/spear of pain (1)]
  1784 | D:2      | Slain by a gnoll

Action                   |  1- 3 |  4- 6 || total
-------------------------+-------+-------++-------
Melee: Long sword        |    94 |    47 ||   141
  Eat: Chunk             |     1 |     2 ||     3
